 Dungeon Crawl Stone Soup version 0.29.0-4-gdea44cf6ec (webtiles) character file.

Game seed: 9837157968741928388

84792 qw the Peltast (level 15, -10/95 HPs)
             Began as a Gargoyle Fighter on Sept 9, 2022.
             Was a High Priest of Okawaru.
             Mangled by an enormous slime creature (60 damage)
             ... on level 12 of the Dungeon.
             The game lasted 00:11:13 (19746 turns).

qw the Peltast (Gargoyle Fighter)                  Turns: 19746, Time: 00:11:13

Health: -10/95     AC: 38    Str: 30    XL:     15   Next: 81%
Magic:  22/22      EV: 11    Int: 10    God:    Okawaru [*****.]
Gold:   1525       SH: 28    Dex: 15    Spells: 14/14 levels left

rFire   + + .      SeeInvis +   m - +1 war axe (vamp)
rCold   . . .      Faith    .   r - +1 tower shield {AC+3}
rNeg    + . .      Spirit   .   u - +0 plate armour
rPois   inf        Reflect  +   i - +2 helmet
rElec   +          Harm     .   o - scarf {repulsion}
rCorr   +          Rampage  .   v - +0 pair of gloves of the Swamp {rF++ rC- rCorr SInv}
Will    +....                   t - +0 pair of boots
Stlth   ..........              B - amulet of reflection
HPRegen 0.25/turn               z - ring "Nuliof" {rElec Str+4 Dex+6}
MPRegen 0.18/turn               y - ring of protection from cold

@: heroic, flying, repel missiles
A: sickness immunity, AC +11, big wings, negative energy resistance 1,
electricity resistance, torment resistance 1, petrification resistance
a: Renounce Religion, Heroism, Finesse, Duel


You were on level 12 of the Dungeon.
You worshipped Okawaru.
Okawaru was extremely pleased with you.
You visited 2 branches of the dungeon, and saw 17 of its levels.
You visited the Abyss 1 time.
You visited 1 bazaar.

You collected 1825 gold pieces.
You spent 300 gold pieces at shops.


Innate Abilities, Weirdness & Mutations

You are immune to sickness and miasma.
Your stone body is resilient. (AC +11)
You are immune to poison.
Your large and strong wings let you fly.
You resist negative energy. (rN+)
You are resistant to electric shocks. (rElec)
You are resistant to unholy torment.
You are immune to petrification.


   Skills:
 - Level 11.2(16.2) Fighting
 - Level 15.0(20.0) Axes
 - Level 5.1(10.1) Throwing
 + Level 10.5(15.5) Armour
 - Level 4.0(9.0) Dodging
 - Level 16.0(21.0) Shields
 - Level 10.1 Invocations


You had 14 spell levels left.
You didn't know any spells.
Your spell library was empty.

Inventory:

Hand Weapons
 h - a +1 eveningstar of protection
 m - a +1 vampiric war axe (weapon)
Missiles
 w - a boomerang
 D - a javelin (quivered)
Armour
 i - a +2 helmet (worn)
 j - a +1 cloak
 l - the -1 pair of gloves of Gofir {Regen+}
   (You found it on level 2 of the Dungeon)

   Regen:     It increases your rate of health regeneration.
 o - a scarf of repulsion (worn)
 r - a +1 tower shield of protection (worn)
 t - a +0 pair of boots (worn)
 u - a +0 plate armour (worn)
 v - the +0 pair of gloves of the Swamp (worn) {rF++ rC- rCorr SInv}
   (Okawaru gifted it to you on level 2 of the Lair of Beasts)

   rF:        It greatly protects you from fire.
   rC:        It makes you vulnerable to cold.
   SInv:      It lets you see invisible.
   rCorr:     It protects you from acid and corrosion.
 C - a +1 pair of boots
Jewellery
 a - a +6 ring of dexterity
 f - a ring of protection from fire
 x - a ring of see invisible
 y - a ring of protection from cold (right hand)
 z - the ring "Nuliof" (left hand) {rElec Str+4 Dex+6}
   (You acquired it on level 1 of the Lair of Beasts)

   [ring of dexterity]

   Str:       It affects your strength (+4).
   Dex:       It affects your dexterity (+6).
   rElec:     It insulates you from electricity.
 A - a ring of protection from fire
 B - an amulet of reflection (around neck)
Wands
 e - a wand of digging (7)
Scrolls
 q - a scroll of brand weapon
 s - 8 scrolls of identify
Potions
 b - a potion of lignification
 c - 6 potions of mutation
 d - a potion of might
 g - 10 potions of curing
 k - 2 potions of heal wounds
 n - 5 potions of haste
 p - 6 potions of attraction

Dungeon Overview and Level Annotations

Branches:
Dungeon (12/15)            Temple (0/1) D:7            Lair (5/5) D:10
  Swamp (0/4) Lair:2        Snake (0/4) Lair:3        Slime (0/5) Lair:4
    Orc: D:9-12

Altars:
Dithmenos
Kikubaaqudgha
Okawaru
Qazlal
Uskayaw
Vehumet
Jiyva

Shops:
D:5 (

Annotations:
D:3 1 runed translucent door, qw's ghost, weakling GrFi
Lair:4 1 runed translucent door


Message History

19732 ||| Stepping ~*~*~tactically~*~*~ (stealth).
Two slime creatures merge to form a very large slime creature.
19734 ||| INVOKING Heroism.
You gain the combat prowess of a mighty hero.
You barely miss the very large slime creature.
The very large slime creature is lightly wounded.
You hit the very large slime creature.
The very large slime creature is lightly wounded.
The very large slime creature closely misses you.
You slash the very large slime creature!
The very large slime creature is lightly wounded.
The very large slime creature hits you!!
You slice the very large slime creature!!
The very large slime creature is moderately wounded.
You block the very large slime creature's attack.
You hit the very large slime creature.
The very large slime creature is moderately wounded.
Two slime creatures merge to form an enormous slime creature.
You slash the enormous slime creature!
You feel better.
The enormous slime creature is moderately wounded.
You slice the enormous slime creature!!
You feel better.
The enormous slime creature is moderately wounded.
You hear a shout!
You block the enormous slime creature's attack.
You hit the enormous slime creature but do no damage.
The enormous slime creature is moderately wounded.
The enormous slime creature hits you!!
You open the enormous slime creature like a pillowcase!!!
The enormous slime creature is heavily wounded.
You block the enormous slime creature's attack.
You slash the enormous slime creature!
The enormous slime creature is heavily wounded.
You block the enormous slime creature's attack.
You hit the enormous slime creature.
You feel better.
The enormous slime creature is heavily wounded.
You hit the enormous slime creature.
The enormous slime creature is heavily wounded.
The enormous slime creature hits you!!!
Ouch! That really hurt!
You die...

......# #.#
......########.#
...............#
.......#######.#
.......# #.#
.......# #.#
...[...#
#.#########
.......#
#...##.... .
.....^.#
###@##..# ..!
######.#
#J##.)#!....
.......#
#.J)[......)
########
####.[..J...
#........
#........
#########


You could see an enormous slime creature and a slime creature.

Vanquished Creatures
  An ancient lich (Abyss:3)
  Kirke (Lair:4)
  A green death (Abyss:2)
  12 hydras
  Fannar (D:12)
  2 boulder beetles
  Erica (D:8)
  A centaur warrior (D:9)
  A catoblepas (Lair:4)
  2 two-headed ogres (D:9)
  A dancing weapon (Abyss:2)
  5 death yaks
  Sonja (Lair:3)
  Nergalle (Lair:3)
  Amaemon (D:9)
  A glowing orange brain (Abyss:2)
  Pikel (D:8)
  6 large abominations
  2 wolf spiders
  An oklob plant (Lair:1)
  2 cyclopes (D:11)
  An ugly thing (D:12)
  A will-o-the-wisp (Lair:2)
  A worldbinder (Abyss:2)
  7 elephants
  An apocalypse crab (Abyss:3)
  A guardian serpent (Lair:5)
  14 black mambas
  An orange demon (D:9)
  A smoke demon (Lair:3)
  A torpor snail (Lair:2)
  20 cane toads
  A gargoyle (D:12)
  An unseen horror (D:10)
  6 rime drakes
  Maggie (D:8)
  A kobold demonologist (D:11)
  An ice devil (Abyss:3)
  9 komodo dragons
  3 trolls
  13 polar bears
  3 hornets
  A merfolk (D:11)
  16 blink frogs
  7 slime creatures (D:12)
  4 raiju
  7 dream sheep
  13 wyverns
  2 wraiths
  A shadow (D:11)
  2 ynoxinuls
  5 basilisks
  6 hogs (Lair:4)
  41 yaks
  A chaos spawn (Abyss:2)
  4 steam dragons
  3 redbacks (Lair:5)
  4 wargs (Lair:5)
  2 nagas (Lair:3)
  5 acid dragons
  29 water moccasins
  18 hell hounds
  4 small abominations (Abyss:2)
  5 orc warriors
  5 starcursed masses
  2 ice beasts
  17 black bears
  14 wolves
  3 ogres
  9 centaurs
  A phantom (D:5)
  3 lemures (D:8)
  2 kobold brigands
  3 necrophages
  17 bullfrogs
  A gnoll sergeant (D:11)
  4 scorpions
  6 wights
  15 killer bees
  2 electric eels (Lair:2)
  A howler monkey (D:7)
  A bullfrog zombie (D:7)
  A human zombie (D:7)
  3 centaur zombies
  3 hounds
  9 orc priests
  A gnoll bouda (D:5)
  7 hell rats (Lair:5)
  16 orc wizards
  7 iguanas
  A statue (D:6)
  2 killer bee zombies (D:7)
  A mummy (D:7)
  16 gnolls
  2 howler monkey zombies (D:7)
  15 adders
  3 white imps
  3 ufetubi
  3 worms
  3 dart slugs
  40 orcs
  2 ball pythons
  10 endoplasms
  5 giant cockroaches
  9 hobgoblins
  4 jackals
  13 kobolds
  7 quokkas
  5 bats
  5 frilled lizards
  7 goblins
  A rat (D:1)
623 creatures vanquished.

Vanquished Creatures (others)
  A bush (Lair:5)
  3 foxfires (Lair:2)
  64 fungi
  162 plants
230 creatures vanquished.

Grand Total: 853 creatures vanquished

Notes
Turn   | Place    | Note
-------+----------+-------------------------------------------
     0 | D:1      | qw the Gargoyle Fighter began the quest for the Orb.
     0 | D:1      | Reached XP level 1. HP: 14/14 MP: 1/1
     0 | D:1      | 0 ||| qw: Version: 0.1-a-113-g051387a
     0 | D:1      | 0 ||| qw: Game counter: 7268
     0 | D:1      | 0 ||| qw: Always use a shield: true
     0 | D:1      | 0 ||| qw: God list: Okawaru
     0 | D:1      | 0 ||| qw: Allow faded altars: false
     0 | D:1      | 0 ||| qw: Do Orc after D:15 true
     0 | D:1      | 0 ||| qw: Do second Lair branch before Depths: true
     0 | D:1      | 0 ||| qw: Lair rune preference: random
     0 | D:1      | 0 ||| qw: Plans: Normal, Zot, God:TSO, Crypt, Tomb, Zig,
                  | Orb
     0 | D:1      | 0 ||| PLANNING D:1-11
    23 | D:1      | Found a faded altar of an unknown god.
   239 | D:1      | 239 ||| Stepping ~*~*~tactically~*~*~ (stealth).
   241 | D:1      | 241 ||| Stepping ~*~*~tactically~*~*~ (stealth).
   260 | D:1      | Reached XP level 2. HP: 17/19 MP: 2/2
   319 | D:1      | 319 ||| DROPPING +0 club.
   584 | D:1      | 584 ||| UPGRADING to +0 kite shield.
   594 | D:1      | 594 ||| DROPPING +0 buckler.
   595 | D:1      | 595 ||| UPGRADING to +0 cloak.
   600 | D:1      | 600 ||| READING scroll labelled KAOSAI CA NEIMP.
   601 | D:1      | 601 ||| READING 2 scrolls labelled GUASEN TEFEST.
   604 | D:1      | 604 ||| DRINKING 4 cyan potions.
   644 | D:2      | Reached skill level 3 in Axes
   655 | D:2      | Reached XP level 3. HP: 23/23 MP: 3/3
   879 | D:2      | Identified the -1 pair of gloves of Gofir {Regen+}
   916 | D:2      | Reached skill level 4 in Shields
   996 | D:2      | 996 ||| FLEEEEING.
  1417 | D:2      | 1417 ||| UPGRADING to -1 pair of gloves of Gofir {Regen+}.
  1422 | D:2      | 1422 ||| READING scroll labelled OXUAKY YCSIMEMM.
  1423 | D:2      | 1423 ||| READING 2 scrolls labelled OSEROI HUACS.
  1424 | D:2      | 1424 ||| READING scroll of brand weapon.
  1424 | D:2      | 1424 ||| BRANDING +0 war axe of freezing.
  1425 | D:2      | 1425 ||| READING scroll labelled CIUPYA OTUNOLE.
  1523 | D:3      | Noticed a bullfrog
  1524 | D:3      | Found a runed translucent door.
  1524 | D:3      | Noticed qw's ghost (weakling GrFi)
  1588 | D:3      | Reached XP level 4. HP: 28/28 MP: 4/4
  1615 | D:3      | Found an iron altar of Okawaru.
  1624 | D:3      | Became a worshipper of Warmaster Okawaru
  1629 | D:3      | 1629 ||| FLEEEEING.
  1630 | D:3      | 1630 ||| FLEEEEING.
  1631 | D:3      | 1631 ||| FLEEEEING.
  1632 | D:3      | 1632 ||| FLEEEEING.
  1670 | D:3      | Noticed a scorpion
  1702 | D:3      | Killed a scorpion
  1703 | D:3      | Reached XP level 5. HP: 25/32 MP: 5/5
  1801 | D:3      | 1801 ||| Stepping ~*~*~tactically~*~*~ (stealth).
  1906 | D:3      | Found a shadowy altar of Dithmenos.
  1913 | D:3      | 1913 ||| Stepping ~*~*~tactically~*~*~ (hiding).
  1914 | D:3      | 1914 ||| Stepping ~*~*~tactically~*~*~ (hiding).
  2258 | D:3      | 2258 ||| READING scroll labelled TOV TAMUES KUMA.
  2259 | D:3      | 2259 ||| READING scroll labelled PAONAU ASCHEOSA.
  2346 | D:4      | 2346 ||| DRINKING 6 potions of curing.
  2346 | D:4      | 2346 ||| (to cure confusion)
  2362 | D:4      | Reached skill level 5 in Shields
  2378 | D:4      | 2378 ||| Stepping ~*~*~tactically~*~*~ (stealth).
  2380 | D:4      | 2380 ||| Stepping ~*~*~tactically~*~*~ (stealth).
  2391 | D:4      | Reached XP level 6. HP: 34/37 MP: 6/6
  2509 | D:4      | Found a hide-covered altar of Uskayaw.
  2742 | D:4      | 2742 ||| Stepping ~*~*~tactically~*~*~ (stealth).
  2748 | D:4      | 2748 ||| Stepping ~*~*~tactically~*~*~ (hiding).
  2749 | D:4      | 2749 ||| Stepping ~*~*~tactically~*~*~ (hiding).
  2758 | D:4      | HP: 8/37 [orc priest/divine providence (14)]
  2759 | D:4      | 2759 ||| READING 4 scrolls of teleportation.
  2801 | D:4      | 2801 ||| Stepping ~*~*~tactically~*~*~ (stealth).
  2933 | D:4      | 2933 ||| DROPPING +0 mace.
  2966 | D:4      | 2966 ||| Stepping ~*~*~tactically~*~*~ (stealth).
  3206 | D:4      | 3206 ||| UPGRADING to +0 chain mail.
  3216 | D:4      | 3216 ||| DROPPING +0 scale mail.
  3217 | D:4      | 3217 ||| DROPPING amulet of magic regeneration.
  3218 | D:4      | 3218 ||| READING scroll labelled NOCLUWI FIQUKH.
  3219 | D:4      | 3219 ||| DRINKING 2 smoky black potions.
  3323 | D:4      | 3323 ||| DRINKING 2 emerald potions.
  3324 | D:4      | 3324 ||| DROPPING potion of berserk rage.
  3386 | D:5      | Entered Level 5 of the Dungeon
  3386 | D:5      | Found Pejef's Weapon Shop.
  3390 | D:5      | Noticed a black bear
  3401 | D:5      | Killed a black bear
  3401 | D:5      | Reached * piety under Okawaru
  3427 | D:5      | Identified the +0 robe of Daisies {Harm Will- Int-2 Stlth+}
  3461 | D:5      | Reached skill level 1 in Invocations
  3461 | D:5      | Reached XP level 7. HP: 43/43 MP: 7/7
  3740 | D:5      | 3740 ||| Stepping ~*~*~tactically~*~*~ (hiding).
  3741 | D:5      | 3741 ||| Stepping ~*~*~tactically~*~*~ (hiding).
  3742 | D:5      | 3742 ||| Stepping ~*~*~tactically~*~*~ (hiding).
  3743 | D:5      | 3743 ||| INVOKING Heroism.
  3759 | D:5      | 3759 ||| INVOKING Heroism.
  3976 | D:5      | Reached skill level 3 in Invocations
  4052 | D:5      | 4052 ||| Stepping ~*~*~tactically~*~*~ (stealth).
  4054 | D:5      | 4054 ||| Stepping ~*~*~tactically~*~*~ (hiding).
  4055 | D:5      | 4055 ||| Stepping ~*~*~tactically~*~*~ (hiding).
  4099 | D:5      | Reached ** piety under Okawaru
  4100 | D:5      | Reached skill level 6 in Axes
  4100 | D:5      | Reached XP level 8. HP: 48/48 MP: 9/11
  4124 | D:5      | 4124 ||| INVOKING Heroism.
  4130 | D:5      | HP: 8/48 [ogre/+0 giant spiked club (24)]
  4131 | D:5      | 4131 ||| READING 4 scrolls of teleportation.
  4132 | D:5      | 4132 ||| DRINKING 2 potions of heal wounds.
  4246 | D:5      | 4246 ||| Stepping ~*~*~tactically~*~*~ (stealth).
  4248 | D:5      | 4248 ||| INVOKING Heroism.
  4249 | D:5      | 4249 ||| Stepping ~*~*~tactically~*~*~ (stealth).
  4261 | D:5      | Reached skill level 6 in Shields
  4266 | D:5      | 4266 ||| Stepping ~*~*~tactically~*~*~ (stealth).
  4359 | D:6      | 4359 ||| Stepping ~*~*~tactically~*~*~ (hiding).
  4499 | D:6      | Reached skill level 1 in Dodging
  4538 | D:6      | 4538 ||| READING scroll of enchant armour.
  4538 | D:6      | 4538 ||| ENCHANTING +0 cloak.
  5007 | D:6      | Found a radiant altar of Vehumet.
  5010 | D:6      | 5010 ||| INVOKING Heroism.
  5095 | D:6      | 5095 ||| READING 6 scrolls of identify.
  5095 | D:6      | 5095 ||| IDENTIFYING sapphire potion
  5096 | D:6      | 5096 ||| READING 5 scrolls of identify.
  5096 | D:6      | 5096 ||| IDENTIFYING pink potion
  5097 | D:6      | 5097 ||| READING 4 scrolls of identify.
  5097 | D:6      | 5097 ||| IDENTIFYING grey potion
  5098 | D:6      | 5098 ||| DROPPING potion of degeneration.
  5114 | D:7      | 5114 ||| STAIRDANCE
  5194 | D:7      | 5194 ||| Stepping ~*~*~tactically~*~*~ (stealth).
  5196 | D:7      | 5196 ||| FLEEEEING.
  5197 | D:7      | 5197 ||| FLEEEEING.
  5198 | D:7      | 5198 ||| FLEEEEING.
  5204 | D:7      | 5204 ||| Stepping ~*~*~tactically~*~*~ (stealth).
  5217 | D:7      | 5217 ||| DRINKING 5 potions of curing.
  5217 | D:7      | 5217 ||| (to cure confusion)
  5224 | D:7      | 5224 ||| DROPPING +0 flail.
  5268 | D:7      | 5268 ||| INVOKING Heroism.
  5271 | D:7      | Reached *** piety under Okawaru
  5305 | D:7      | Found a staircase to the Ecumenical Temple.
  5312 | D:7      | 5312 ||| INVOKING Heroism.
  5323 | D:7      | Reached skill level 7 in Shields
  5381 | D:7      | Reached skill level 1 in Throwing
  5546 | D:7      | 5546 ||| INVOKING Heroism.
  5549 | D:7      | Reached XP level 9. HP: 54/54 MP: 9/12
  5582 | D:7      | 5582 ||| INVOKING Heroism.
  6035 | D:7      | Reached skill level 6 in Fighting
  6035 | D:7      | Found an ancient bone altar of Kikubaaqudgha.
  6075 | D:7      | Reached **** piety under Okawaru
  6076 | D:7      | 6076 ||| READING scroll labelled KUARIUR RONUISEU.
  6077 | D:7      | 6077 ||| READING 3 scrolls of identify.
  6077 | D:7      | 6077 ||| IDENTIFYING dark potion
  6127 | D:8      | 6127 ||| STAIRDANCE
  6138 | D:8      | Noticed Erica
  6139 | D:8      | 6139 ||| STAIRDANCE
  6149 | D:8      | 6149 ||| Stepping ~*~*~tactically~*~*~ (hiding).
  6151 | D:8      | 6151 ||| INVOKING Heroism.
  6175 | D:8      | Killed Erica
  6176 | D:8      | Reached skill level 8 in Shields
  6176 | D:8      | Reached XP level 10. HP: 36/60 MP: 12/14
  6207 | D:8      | 6207 ||| Stepping ~*~*~tactically~*~*~ (stealth).
  6213 | D:8      | 6213 ||| Stepping ~*~*~tactically~*~*~ (hiding).
  6228 | D:8      | 6228 ||| Stepping ~*~*~tactically~*~*~ (stealth).
  6230 | D:8      | 6230 ||| Stepping ~*~*~tactically~*~*~ (hiding).
  6321 | D:8      | 6321 ||| Stepping ~*~*~tactically~*~*~ (hiding).
  6322 | D:8      | 6322 ||| Stepping ~*~*~tactically~*~*~ (hiding).
  6324 | D:8      | 6324 ||| Stepping ~*~*~tactically~*~*~ (hiding).
  6325 | D:8      | 6325 ||| Stepping ~*~*~tactically~*~*~ (hiding).
  6385 | D:8      | 6385 ||| Stepping ~*~*~tactically~*~*~ (hiding).
  6388 | D:8      | 6388 ||| INVOKING Heroism.
  6397 | D:8      | Reached skill level 6 in Invocations
  6402 | D:8      | 6402 ||| Stepping ~*~*~tactically~*~*~ (stealth).
  6403 | D:8      | 6403 ||| Stepping ~*~*~tactically~*~*~ (stealth).
  6404 | D:8      | 6404 ||| Stepping ~*~*~tactically~*~*~ (stealth).
  6425 | D:8      | Noticed Pikel
  6426 | D:8      | 6426 ||| Stepping ~*~*~tactically~*~*~ (stealth).
  6428 | D:8      | 6428 ||| Stepping ~*~*~tactically~*~*~ (stealth).
  6430 | D:8      | 6430 ||| Stepping ~*~*~tactically~*~*~ (stealth).
  6434 | D:8      | 6434 ||| INVOKING Heroism.
  6435 | D:8      | 6435 ||| Stepping ~*~*~tactically~*~*~ (stealth).
  6457 | D:8      | Killed Pikel
  6485 | D:8      | 6485 ||| Stepping ~*~*~tactically~*~*~ (stealth).
  6486 | D:8      | 6486 ||| Stepping ~*~*~tactically~*~*~ (stealth).
  6487 | D:8      | 6487 ||| Stepping ~*~*~tactically~*~*~ (hiding).
  6488 | D:8      | 6488 ||| Stepping ~*~*~tactically~*~*~ (hiding).
  6489 | D:8      | 6489 ||| Stepping ~*~*~tactically~*~*~ (hiding).
  6490 | D:8      | 6490 ||| FLEEEEING.
  6492 | D:8      | 6492 ||| INVOKING Heroism.
  6590 | D:8      | Noticed Maggie
  6591 | D:8      | 6591 ||| Stepping ~*~*~tactically~*~*~ (stealth).
  6597 | D:8      | 6597 ||| INVOKING Heroism.
  6609 | D:8      | Killed Maggie
  6609 | D:8      | Reached ***** piety under Okawaru
  6999 | D:8      | 6999 ||| UPGRADING to +0 helmet.
  7004 | D:8      | 7004 ||| DROPPING +1 hat.
  7005 | D:8      | 7005 ||| READING 5 scrolls of identify.
  7005 | D:8      | 7005 ||| IDENTIFYING inky potion
  7130 | D:9      | 7130 ||| Stepping ~*~*~tactically~*~*~ (stealth).
  7136 | D:9      | 7136 ||| Stepping ~*~*~tactically~*~*~ (stealth).
  7145 | D:9      | 7145 ||| INVOKING Heroism.
  7147 | D:9      | Reached skill level 9 in Axes
  7166 | D:9      | 7166 ||| Stepping ~*~*~tactically~*~*~ (stealth).
  7175 | D:9      | 7175 ||| Stepping ~*~*~tactically~*~*~ (stealth).
  7182 | D:9      | Noticed Amaemon
  7183 | D:9      | 7183 ||| INVOKING Heroism.
  7183 | D:9      | Noticed an orange demon
  7217 | D:9      | Killed Amaemon
  7226 | D:9      | 7226 ||| INVOKING Heroism.
  7229 | D:9      | Killed an orange demon
  7268 | D:9      | 7268 ||| DROPPING +0 morningstar.
  7299 | D:9      | Noticed a two-headed ogre
  7300 | D:9      | 7300 ||| INVOKING Heroism.
  7308 | D:9      | Killed a two-headed ogre
  7324 | D:9      | 7324 ||| Stepping ~*~*~tactically~*~*~ (hiding).
  7327 | D:9      | 7327 ||| Stepping ~*~*~tactically~*~*~ (hiding).
  7386 | D:9      | 7386 ||| Stepping ~*~*~tactically~*~*~ (hiding).
  7388 | D:9      | 7388 ||| INVOKING Heroism.
  7395 | D:9      | Reached skill level 9 in Invocations
  7398 | D:9      | Reached XP level 11. HP: 52/67 MP: 15/17
  7447 | D:9      | 7447 ||| Stepping ~*~*~tactically~*~*~ (stealth).
  7459 | D:9      | 7459 ||| INVOKING Heroism.
  7470 | D:9      | Reached skill level 9 in Shields
  7572 | D:9      | Noticed a two-headed ogre
  7573 | D:9      | 7573 ||| INVOKING Heroism.
  7587 | D:9      | Killed a two-headed ogre
  7587 | D:9      | Identified the +1 chain mail "Quanuceff" {rElec Int+4}
                  | (Okawaru gifted it to you on level 9 of the Dungeon)
  7587 | D:9      | Received a gift from Okawaru
  7627 | D:9      | 7627 ||| Stepping ~*~*~tactically~*~*~ (stealth).
  7635 | D:9      | 7635 ||| Stepping ~*~*~tactically~*~*~ (stealth).
  7636 | D:9      | 7636 ||| INVOKING Heroism.
  7673 | D:9      | 7673 ||| Stepping ~*~*~tactically~*~*~ (stealth).
  7674 | D:9      | 7674 ||| Stepping ~*~*~tactically~*~*~ (stealth).
  7921 | D:9      | Noticed a boulder beetle
  7922 | D:9      | 7922 ||| INVOKING Heroism.
  7923 | D:9      | 7923 ||| INVOKING Finesse.
  7958 | D:9      | HP: 10/67 [boulder beetle (11)]
  7959 | D:9      | 7959 ||| READING 5 scrolls of teleportation.
  7960 | D:9      | 7960 ||| DRINKING 2 potions of heal wounds.
  7962 | D:9      | Killed a boulder beetle
  8116 | D:9      | Noticed a centaur warrior
  8127 | D:9      | Killed a centaur warrior
  8256 | D:9      | 8256 ||| UPGRADING to +1 chain mail "Quanuceff" {rElec
                  | Int+4}.
  8266 | D:9      | 8266 ||| DROPPING +0 chain mail.
  8267 | D:9      | 8267 ||| UPGRADING to +0 plate armour.
  8277 | D:9      | 8277 ||| DROPPING +1 chain mail "Quanuceff" {rElec Int+4}.
  8278 | D:9      | 8278 ||| READING scroll labelled KYECOMN RUIBO.
  8279 | D:9      | 8279 ||| DRINKING 2 viscous green potions.
  8280 | D:9      | 8280 ||| DROPPING potion of brilliance.
  8305 | D:10     | Entered Level 10 of the Dungeon
  8306 | D:10     | 8306 ||| Stepping ~*~*~tactically~*~*~ (hiding).
  8355 | D:10     | 8355 ||| Stepping ~*~*~tactically~*~*~ (hiding).
  8371 | D:10     | 8371 ||| Stepping ~*~*~tactically~*~*~ (stealth).
  8376 | D:10     | 8376 ||| Stepping ~*~*~tactically~*~*~ (stealth).
  8380 | D:10     | 8380 ||| INVOKING Heroism.
  8386 | D:10     | Reached skill level 6 in Armour
  8475 | D:10     | Found a staircase to the Lair.
  8483 | D:10     | 8483 ||| INVOKING Heroism.
  8625 | D:10     | Found a stormy altar of Qazlal.
  8629 | D:10     | 8629 ||| Stepping ~*~*~tactically~*~*~ (hiding).
  8630 | D:10     | 8630 ||| Stepping ~*~*~tactically~*~*~ (hiding).
  8736 | D:10     | 8736 ||| INVOKING Heroism.
  8785 | D:10     | 8785 ||| Stepping ~*~*~tactically~*~*~ (stealth).
  8787 | D:10     | 8787 ||| Stepping ~*~*~tactically~*~*~ (stealth).
  8789 | D:10     | 8789 ||| Stepping ~*~*~tactically~*~*~ (stealth).
  8792 | D:10     | 8792 ||| INVOKING Heroism.
  8806 | D:10     | 8806 ||| DRINKING 6 potions of curing.
  8806 | D:10     | 8806 ||| (to cure confusion)
  8840 | D:10     | 8840 ||| Stepping ~*~*~tactically~*~*~ (hiding).
  8908 | D:10     | 8908 ||| INVOKING Heroism.
  8987 | D:10     | 8987 ||| Stepping ~*~*~tactically~*~*~ (hiding).
  9166 | D:10     | 9166 ||| PLANNING LAIR
  9166 | D:10     | 9166 ||| UPGRADING to +0 pair of boots.
  9171 | D:10     | 9171 ||| UPGRADING to ring of protection from fire.
  9172 | D:10     | 9172 ||| READING 2 scrolls labelled GYD KIGGAJELEA.
  9173 | D:10     | 9173 ||| DROPPING scroll of butterflies.
  9206 | Lair:1   | Entered Level 1 of the Lair of Beasts
  9207 | Lair:1   | 9207 ||| INVOKING Heroism.
  9209 | Lair:1   | 9209 ||| Stepping ~*~*~tactically~*~*~ (stealth).
  9226 | Lair:1   | Received a gift from Okawaru
  9248 | Lair:1   | 9248 ||| INVOKING Heroism.
  9252 | Lair:1   | Reached XP level 12. HP: 73/73 MP: 16/19
  9310 | Lair:1   | 9310 ||| INVOKING Heroism.
  9400 | Lair:1   | 9400 ||| INVOKING Heroism.
  9421 | Lair:1   | Reached skill level 3 in Throwing
  9430 | Lair:1   | 9430 ||| Stepping ~*~*~tactically~*~*~ (stealth).
  9447 | Lair:1   | 9447 ||| INVOKING Heroism.
  9448 | Lair:1   | Received a gift from Okawaru
  9546 | Lair:1   | 9546 ||| INVOKING Heroism.
  9600 | Lair:1   | 9600 ||| Stepping ~*~*~tactically~*~*~ (stealth).
  9676 | Lair:1   | Noticed a four-headed hydra
  9677 | Lair:1   | 9677 ||| INVOKING Heroism.
  9678 | Lair:1   | 9678 ||| Stepping ~*~*~tactically~*~*~ (stealth).
  9679 | Lair:1   | 9679 ||| INVOKING Finesse.
  9680 | Lair:1   | 9680 ||| Stepping ~*~*~tactically~*~*~ (stealth).
  9681 | Lair:1   | 9681 ||| SWAPPING to +0 demon whip of venom.
  9683 | Lair:1   | 9683 ||| Stepping ~*~*~tactically~*~*~ (stealth).
  9684 | Lair:1   | 9684 ||| SWAPPING to +0 vampiric war axe.
  9685 | Lair:1   | 9685 ||| SWAPPING to +0 demon whip of venom.
  9696 | Lair:1   | Killed a four-headed hydra
  9697 | Lair:1   | Reached skill level 10 in Shields
  9697 | Lair:1   | 9697 ||| SWAPPING to +0 vampiric war axe.
  9881 | Lair:1   | Noticed a seven-headed hydra
  9882 | Lair:1   | 9882 ||| INVOKING Heroism.
  9883 | Lair:1   | 9883 ||| INVOKING Finesse.
  9889 | Lair:1   | 9889 ||| SWAPPING to +0 demon whip of venom.
  9905 | Lair:1   | Killed a seven-headed hydra
  9906 | Lair:1   | 9906 ||| SWAPPING to +0 vampiric war axe.
 10043 | Lair:1   | Reached skill level 9 in Fighting
 10144 | Lair:1   | 10144 ||| INVOKING Heroism.
 10145 | Lair:1   | 10145 ||| INVOKING Finesse.
 10674 | Lair:1   | 10674 ||| UPGRADING to scarf of repulsion.
 10684 | Lair:1   | 10684 ||| UPGRADING to ring of see invisible.
 10685 | Lair:1   | 10685 ||| DROPPING +6 ring of intelligence.
 10686 | Lair:1   | 10686 ||| READING scroll labelled KOESEANISU.
 10686 | Lair:1   | Identified a scroll of acquirement
 10686 | Lair:1   | 10686 ||| ACQUIRING ring "Nuliof" {rElec Str+4 Dex+6}
 10686 | Lair:1   | Acquired the ring "Nuliof" {rElec Str+4 Dex+6}
 10688 | Lair:1   | 10688 ||| UPGRADING to ring "Nuliof" {rElec Str+4 Dex+6}.
 10718 | Lair:2   | Found a staircase to the Swamp.
 10720 | Lair:2   | 10720 ||| Stepping ~*~*~tactically~*~*~ (stealth).
 10723 | Lair:2   | 10723 ||| INVOKING Heroism.
 10823 | Lair:2   | 10823 ||| INVOKING Heroism.
 10831 | Lair:2   | Reached skill level 3 in Dodging
 10843 | Lair:2   | 10843 ||| INVOKING Heroism.
 10963 | Lair:2   | 10963 ||| INVOKING Heroism.
 11077 | Lair:2   | 11077 ||| INVOKING Heroism.
 11083 | Lair:2   | Noticed a seven-headed hydra
 11083 | Lair:2   | Noticed a boulder beetle
 11086 | Lair:2   | Reached skill level 12 in Axes
 11086 | Lair:2   | Reached XP level 13. HP: 80/80 MP: 18/20
 11088 | Lair:2   | 11088 ||| SWAPPING to +0 demon whip of venom.
 11099 | Lair:2   | Reached skill level 9 in Armour
 11099 | Lair:2   | 11099 ||| SWAPPING to +0 vampiric war axe.
 11107 | Lair:2   | 11107 ||| INVOKING Finesse.
 11148 | Lair:2   | 11148 ||| INVOKING Heroism.
 11154 | Lair:2   | 11154 ||| Stepping ~*~*~tactically~*~*~ (stealth).
 11159 | Lair:2   | 11159 ||| Stepping ~*~*~tactically~*~*~ (stealth).
 11182 | Lair:2   | 11182 ||| Stepping ~*~*~tactically~*~*~ (stealth).
 11186 | Lair:2   | 11186 ||| INVOKING Heroism.
 11212 | Lair:2   | 11212 ||| Stepping ~*~*~tactically~*~*~ (hiding).
 11233 | Lair:2   | Identified the +0 pair of gloves of the Swamp {rF++ rC-
                  | rCorr SInv} (Okawaru gifted it to you on level 2 of the
                  | Lair of Beasts)
 11233 | Lair:2   | Received a gift from Okawaru
 11242 | Lair:2   | Found the +6 arbalest "Damnation" {damnation}
 11266 | Lair:2   | 11266 ||| DROPPING +1 vorpal war axe.
 11343 | Lair:2   | 11343 ||| INVOKING Heroism.
 11640 | Lair:2   | 11640 ||| Stepping ~*~*~tactically~*~*~ (stealth).
 11641 | Lair:2   | 11641 ||| INVOKING Heroism.
 11710 | Lair:2   | 11710 ||| INVOKING Heroism.
 11711 | Lair:2   | 11711 ||| SWAPPING to +0 demon whip of venom.
 11712 | Lair:2   | 11712 ||| INVOKING Finesse.
 11717 | Lair:2   | 11717 ||| SWAPPING to +0 vampiric war axe.
 11784 | Lair:2   | 11784 ||| Stepping ~*~*~tactically~*~*~ (stealth).
 11788 | Lair:2   | 11788 ||| INVOKING Heroism.
 11789 | Lair:2   | 11789 ||| INVOKING Finesse.
 11797 | Lair:2   | 11797 ||| SWAPPING to +0 demon whip of venom.
 11811 | Lair:2   | 11811 ||| SWAPPING to +0 vampiric war axe.
 12062 | Lair:2   | 12062 ||| INVOKING Heroism.
 12257 | Lair:2   | 12257 ||| UPGRADING to +0 pair of gloves of the Swamp {rF++
                  | rC- rCorr SInv}.
 12267 | Lair:2   | 12267 ||| REMOVING ring of see invisible.
 12268 | Lair:2   | 12268 ||| UPGRADING to ring of protection from cold.
 12305 | Lair:3   | 12305 ||| Stepping ~*~*~tactically~*~*~ (stealth).
 12307 | Lair:3   | 12307 ||| Stepping ~*~*~tactically~*~*~ (stealth).
 12309 | Lair:3   | 12309 ||| INVOKING Heroism.
 12314 | Lair:3   | 12314 ||| Stepping ~*~*~tactically~*~*~ (stealth).
 12401 | Lair:3   | Found a staircase to the Snake Pit.
 12410 | Lair:3   | Reached skill level 11 in Shields
 12489 | Lair:3   | 12489 ||| Stepping ~*~*~tactically~*~*~ (hiding).
 12490 | Lair:3   | 12490 ||| Stepping ~*~*~tactically~*~*~ (hiding).
 12493 | Lair:3   | 12493 ||| Stepping ~*~*~tactically~*~*~ (hiding).
 12495 | Lair:3   | Noticed Sonja
 12497 | Lair:3   | 12497 ||| INVOKING Finesse.
 12505 | Lair:3   | 12505 ||| INVOKING Heroism.
 12528 | Lair:3   | Noticed Nergalle
 12543 | Lair:3   | Killed Nergalle
 12613 | Lair:3   | 12613 ||| INVOKING Heroism.
 12623 | Abyss:2  | Cast into level 2 of the Abyss (Sonja)
 12638 | Abyss:2  | Noticed a green death
 12651 | Abyss:2  | Killed a green death
 12729 | Abyss:2  | 12729 ||| INVOKING Heroism.
 12759 | Abyss:2  | 12759 ||| Stepping ~*~*~tactically~*~*~ (stealth).
 12817 | Abyss:2  | 12817 ||| INVOKING Heroism.
 12863 | Abyss:2  | 12863 ||| Stepping ~*~*~tactically~*~*~ (stealth).
 12864 | Abyss:2  | 12864 ||| Stepping ~*~*~tactically~*~*~ (stealth).
 12871 | Abyss:2  | 12871 ||| INVOKING Heroism.
 12875 | Abyss:2  | Noticed a green very ugly thing
 12876 | Abyss:2  | Noticed an ironbound thunderhulk
 12920 | Abyss:2  | 12920 ||| Stepping ~*~*~tactically~*~*~ (stealth).
 12941 | Abyss:2  | 12941 ||| Stepping ~*~*~tactically~*~*~ (stealth).
 12943 | Abyss:2  | 12943 ||| Stepping ~*~*~tactically~*~*~ (stealth).
 12947 | Abyss:2  | 12947 ||| INVOKING Heroism.
 12948 | Abyss:2  | 12948 ||| Stepping ~*~*~tactically~*~*~ (stealth).
 12965 | Abyss:2  | HP: 20/82 [large abomination (5)]
 12966 | Abyss:2  | 12966 ||| READING 4 scrolls of teleportation.
 12967 | Abyss:2  | 12967 ||| DRINKING potion of heal wounds.
 12969 | Abyss:2  | Noticed a starcursed mass
 12976 | Abyss:2  | Found a corrupted altar of Lugonu.
 13019 | Abyss:2  | 13019 ||| INVOKING Heroism.
 13053 | Abyss:2  | 13053 ||| INVOKING Heroism.
 13060 | Abyss:2  | Received a gift from Okawaru
 13061 | Abyss:2  | Noticed a starcursed mass
 13063 | Abyss:2  | Noticed a deep elf sorcerer
 13093 | Abyss:3  | 13093 ||| INVOKING Heroism.
 13106 | Abyss:3  | Gained mutation: Your large and strong wings let you fly.
                  | [Gargoyle growth]
 13106 | Abyss:3  | Reached XP level 14. HP: 47/88 MP: 19/21
 13110 | Abyss:3  | Noticed a starcursed mass
 13116 | Abyss:3  | 13116 ||| INVOKING Heroism.
 13123 | Abyss:3  | HP: 21/88 [starcursed mass/accursed screaming (8)]
 13124 | Abyss:3  | 13124 ||| READING 3 scrolls of teleportation.
 13201 | Abyss:3  | 13201 ||| Stepping ~*~*~tactically~*~*~ (stealth).
 13211 | Abyss:3  | 13211 ||| INVOKING Heroism.
 13258 | Abyss:3  | 13258 ||| Stepping ~*~*~tactically~*~*~ (stealth).
 13263 | Abyss:3  | 13263 ||| Stepping ~*~*~tactically~*~*~ (stealth).
 13264 | Abyss:3  | 13264 ||| Stepping ~*~*~tactically~*~*~ (stealth).
 13265 | Abyss:3  | 13265 ||| Stepping ~*~*~tactically~*~*~ (stealth).
 13266 | Abyss:3  | 13266 ||| Stepping ~*~*~tactically~*~*~ (stealth).
 13268 | Abyss:3  | 13268 ||| INVOKING Heroism.
 13277 | Abyss:3  | Noticed an ancient lich
 13278 | Abyss:3  | 13278 ||| INVOKING Finesse.
 13286 | Abyss:3  | Received a gift from Okawaru
 13295 | Abyss:3  | 13295 ||| Stepping ~*~*~tactically~*~*~ (cloud).
 13299 | Abyss:3  | 13299 ||| READING scroll labelled SIONOI NEFI.
 13300 | Abyss:3  | 13300 ||| Stepping ~*~*~tactically~*~*~ (cloud).
 13311 | Abyss:3  | Paralysed by you for 2 turns
 13315 | Abyss:3  | Killed an ancient lich
 13316 | Abyss:3  | 13316 ||| Stepping ~*~*~tactically~*~*~ (hiding).
 13328 | Lair:3   | Escaped the Abyss
 13332 | Lair:3   | 13332 ||| FLEEEEING.
 13333 | Lair:3   | 13333 ||| FLEEEEING.
 13334 | Lair:3   | 13334 ||| FLEEEEING.
 13335 | Lair:3   | 13335 ||| FLEEEEING.
 13336 | Lair:3   | 13336 ||| FLEEEEING.
 13337 | Lair:3   | 13337 ||| FLEEEEING.
 13338 | Lair:3   | 13338 ||| FLEEEEING.
 13341 | Lair:3   | 13341 ||| STAIRDANCE
 13546 | Lair:2   | 13546 ||| READING scroll labelled PAABORRUCA.
 13549 | Lair:3   | 13549 ||| INVOKING Finesse.
 13582 | Lair:3   | Killed Sonja
 13630 | Lair:3   | 13630 ||| Stepping ~*~*~tactically~*~*~ (stealth).
 13632 | Lair:3   | 13632 ||| Stepping ~*~*~tactically~*~*~ (stealth).
 13643 | Lair:3   | 13643 ||| INVOKING Heroism.
 13727 | Lair:3   | 13727 ||| Stepping ~*~*~tactically~*~*~ (stealth).
 13734 | Lair:3   | 13734 ||| INVOKING Heroism.
 13735 | Lair:3   | 13735 ||| INVOKING Finesse.
 13746 | Lair:3   | 13746 ||| Stepping ~*~*~tactically~*~*~ (stealth).
 13782 | Lair:3   | 13782 ||| INVOKING Finesse.
 13792 | Lair:3   | 13792 ||| INVOKING Heroism.
 13813 | Lair:3   | Reached skill level 12 in Shields
 13894 | Lair:3   | 13894 ||| INVOKING Heroism.
 14163 | Lair:4   | 14163 ||| Stepping ~*~*~tactically~*~*~ (hiding).
 14168 | Lair:4   | 14168 ||| INVOKING Heroism.
 14169 | Lair:4   | 14169 ||| INVOKING Finesse.
 14254 | Lair:4   | Identified the +1 robe of Detab {-Tele Dex+7}
 14268 | Lair:4   | 14268 ||| INVOKING Heroism.
 14331 | Lair:4   | 14331 ||| READING scroll of acquirement.
 14331 | Lair:4   | 14331 ||| ACQUIRING +1 tower shield of protection
 14331 | Lair:4   | Acquired a +1 tower shield of protection
 14333 | Lair:4   | 14333 ||| UPGRADING to +1 tower shield of protection.
 14343 | Lair:4   | 14343 ||| DROPPING +0 kite shield.
 14364 | Lair:4   | 14364 ||| Stepping ~*~*~tactically~*~*~ (stealth).
 14366 | Lair:4   | 14366 ||| INVOKING Heroism.
 14367 | Lair:4   | 14367 ||| SWAPPING to +0 demon whip of venom.
 14368 | Lair:4   | 14368 ||| INVOKING Finesse.
 14375 | Lair:4   | 14375 ||| Stepping ~*~*~tactically~*~*~ (outnumbered).
 14376 | Lair:4   | 14376 ||| Stepping ~*~*~tactically~*~*~ (outnumbered).
 14377 | Lair:4   | 14377 ||| Stepping ~*~*~tactically~*~*~ (outnumbered).
 14382 | Lair:4   | 14382 ||| SWAPPING to +0 vampiric war axe.
 14427 | Lair:4   | You are sucked into a shaft and drop 1 floor!
 14427 | Lair:5   | Entered Level 5 of the Lair of Beasts
 14433 | Lair:5   | 14433 ||| INVOKING Heroism.
 14471 | Lair:5   | 14471 ||| Stepping ~*~*~tactically~*~*~ (hiding).
 14492 | Lair:5   | 14492 ||| Stepping ~*~*~tactically~*~*~ (hiding).
 14493 | Lair:5   | 14493 ||| Stepping ~*~*~tactically~*~*~ (hiding).
 14535 | Lair:5   | 14535 ||| Stepping ~*~*~tactically~*~*~ (stealth).
 14538 | Lair:5   | 14538 ||| Stepping ~*~*~tactically~*~*~ (hiding).
 14624 | Lair:5   | 14624 ||| INVOKING Heroism.
 14641 | Lair:5   | Reached skill level 13 in Shields
 14652 | Lair:5   | 14652 ||| Stepping ~*~*~tactically~*~*~ (stealth).
 14671 | Lair:5   | 14671 ||| Stepping ~*~*~tactically~*~*~ (stealth).
 14675 | Lair:5   | 14675 ||| Stepping ~*~*~tactically~*~*~ (stealth).
 14682 | Lair:5   | 14682 ||| INVOKING Heroism.
 14687 | Lair:5   | 14687 ||| Stepping ~*~*~tactically~*~*~ (stealth).
 14694 | Lair:5   | 14694 ||| Stepping ~*~*~tactically~*~*~ (stealth).
 14710 | Lair:5   | 14710 ||| Stepping ~*~*~tactically~*~*~ (stealth).
 14713 | Lair:5   | 14713 ||| INVOKING Heroism.
 14764 | Lair:5   | 14764 ||| READING scroll of enchant armour.
 14764 | Lair:5   | 14764 ||| ENCHANTING +0 helmet.
 14776 | Lair:5   | 14776 ||| INVOKING Heroism.
 14811 | Lair:5   | 14811 ||| INVOKING Heroism.
 14873 | Lair:5   | 14873 ||| INVOKING Heroism.
 14983 | Lair:5   | 14983 ||| INVOKING Heroism.
 14984 | Lair:5   | 14984 ||| INVOKING Finesse.
 14987 | Lair:5   | 14987 ||| SWAPPING to +0 demon whip of venom.
 14991 | Lair:5   | Reached skill level 14 in Shields
 14991 | Lair:5   | 14991 ||| SWAPPING to +0 vampiric war axe.
 14996 | Lair:5   | Reached XP level 15. HP: 95/95 MP: 15/22
 15010 | Lair:5   | 15010 ||| Stepping ~*~*~tactically~*~*~ (stealth).
 15012 | Lair:5   | 15012 ||| SWAPPING to +0 demon whip of venom.
 15021 | Lair:5   | 15021 ||| SWAPPING to +0 vampiric war axe.
 15057 | Lair:5   | 15057 ||| Stepping ~*~*~tactically~*~*~ (stealth).
 15098 | Lair:5   | 15098 ||| INVOKING Heroism.
 15106 | Lair:5   | Received a gift from Okawaru
 15129 | Lair:5   | 15129 ||| Stepping ~*~*~tactically~*~*~ (stealth).
 15131 | Lair:5   | 15131 ||| INVOKING Heroism.
 15142 | Lair:5   | 15142 ||| UPGRADING to amulet of reflection.
 15147 | Lair:5   | 15147 ||| READING scroll labelled ISAESH INTAR.
 15200 | Lair:4   | 15200 ||| INVOKING Heroism.
 15240 | Lair:4   | Received a gift from Okawaru
 15249 | Lair:4   | 15249 ||| INVOKING Heroism.
 15266 | Lair:4   | Reached skill level 15 in Shields
 15523 | Lair:4   | Noticed Kirke
 15524 | Lair:4   | 15524 ||| INVOKING Heroism.
 15525 | Lair:4   | 15525 ||| INVOKING Finesse.
 15542 | Lair:4   | Killed Kirke
 15696 | Lair:4   | Found a runed translucent door.
 15698 | Lair:4   | Found a viscous altar of Jiyva.
 15698 | Lair:4   | Noticed an azure jelly
 15698 | Lair:4   | Noticed an azure jelly
 15700 | Lair:4   | Found a staircase to the Slime Pits.
 15700 | Lair:4   | Noticed an azure jelly
 15901 | Lair:5   | 15901 ||| Stepping ~*~*~tactically~*~*~ (stealth).
 15904 | Lair:5   | 15904 ||| Stepping ~*~*~tactically~*~*~ (stealth).
 15905 | Lair:5   | 15905 ||| Stepping ~*~*~tactically~*~*~ (stealth).
 16033 | Lair:5   | 16033 ||| DROPPING +0 demon whip of venom.
 16053 | Lair:5   | 16053 ||| Stepping ~*~*~tactically~*~*~ (stealth).
 16055 | Lair:5   | 16055 ||| Stepping ~*~*~tactically~*~*~ (stealth).
 16057 | Lair:5   | 16057 ||| Stepping ~*~*~tactically~*~*~ (stealth).
 16065 | Lair:5   | 16065 ||| INVOKING Heroism.
 16066 | Lair:5   | 16066 ||| INVOKING Finesse.
 16070 | Lair:5   | 16070 ||| SWAPPING to +1 eveningstar of protection.
 16081 | Lair:5   | 16081 ||| SWAPPING to +0 vampiric war axe.
 16124 | Lair:5   | 16124 ||| Stepping ~*~*~tactically~*~*~ (stealth).
 16158 | Lair:5   | 16158 ||| Stepping ~*~*~tactically~*~*~ (stealth).
 16169 | Lair:5   | 16169 ||| Stepping ~*~*~tactically~*~*~ (stealth).
 16171 | Lair:5   | 16171 ||| INVOKING Heroism.
 16172 | Lair:5   | 16172 ||| INVOKING Finesse.
 16173 | Lair:5   | 16173 ||| SWAPPING to +1 eveningstar of protection.
 16179 | Lair:5   | 16179 ||| SWAPPING to +0 vampiric war axe.
 16236 | Lair:5   | 16236 ||| INVOKING Heroism.
 16298 | Lair:5   | 16298 ||| INVOKING Heroism.
 16299 | Lair:5   | 16299 ||| INVOKING Finesse.
 16302 | Lair:5   | 16302 ||| SWAPPING to +1 eveningstar of protection.
 16307 | Lair:5   | Reached skill level 16 in Shields
 16307 | Lair:5   | 16307 ||| SWAPPING to +0 vampiric war axe.
 16343 | Lair:5   | 16343 ||| READING scroll of enchant weapon.
 16343 | Lair:5   | 16343 ||| ENCHANTING +0 vampiric war axe.
 16641 | Lair:5   | 16641 ||| INVOKING Heroism.
 17133 | Lair:5   | 17133 ||| Stepping ~*~*~tactically~*~*~ (stealth).
 17136 | Lair:5   | 17136 ||| INVOKING Heroism.
 17192 | Lair:5   | 17192 ||| PLANNING D:1-11
 17192 | Lair:5   | 17192 ||| READING 9 scrolls of identify.
 17192 | Lair:5   | 17192 ||| IDENTIFYING puce potion
 17193 | Lair:5   | 17193 ||| DROPPING potion of ambrosia.
 17390 | D:11     | 17390 ||| Stepping ~*~*~tactically~*~*~ (hiding).
 17394 | D:11     | 17394 ||| INVOKING Heroism.
 17477 | D:11     | 17477 ||| INVOKING Heroism.
 17478 | D:11     | 17478 ||| INVOKING Finesse.
 17480 | D:11     | 17480 ||| SWAPPING to +1 eveningstar of protection.
 17488 | D:11     | 17488 ||| SWAPPING to +1 vampiric war axe.
 17536 | D:11     | 17536 ||| Stepping ~*~*~tactically~*~*~ (stealth).
 17564 | D:11     | Reached skill level 15 in Axes
 17857 | D:11     | 17857 ||| Stepping ~*~*~tactically~*~*~ (stealth).
 18049 | D:11     | 18049 ||| Stepping ~*~*~tactically~*~*~ (hiding).
 18050 | D:11     | 18050 ||| Stepping ~*~*~tactically~*~*~ (hiding).
 18061 | D:11     | 18061 ||| Stepping ~*~*~tactically~*~*~ (stealth).
 18075 | D:11     | 18075 ||| Stepping ~*~*~tactically~*~*~ (hiding).
 18093 | D:11     | 18093 ||| READING scroll of enchant armour.
 18093 | D:11     | 18093 ||| ENCHANTING +1 helmet.
 18235 | D:11     | 18235 ||| Stepping ~*~*~tactically~*~*~ (stealth).
 18437 | D:11     | 18437 ||| PLANNING D
 18491 | D:12     | 18491 ||| PLANNING BAZAAR
 18571 | D:12     | 18571 ||| INVOKING Heroism.
 18704 | D:12     | Noticed Fannar
 18705 | D:12     | 18705 ||| Stepping ~*~*~tactically~*~*~ (hiding).
 18713 | D:12     | 18713 ||| INVOKING Heroism.
 18725 | D:12     | Killed Fannar
 18809 | D:12     | 18809 ||| FLEEEEING.
 18824 | D:12     | 18824 ||| Stepping ~*~*~tactically~*~*~ (stealth).
 19042 | D:12     | 19042 ||| INVOKING Heroism.
 19051 | D:12     | 19051 ||| READING 3 scrolls of teleportation.
 19074 | D:12     | 19074 ||| Stepping ~*~*~tactically~*~*~ (hiding).
 19087 | D:12     | 19087 ||| READING 2 scrolls of teleportation.
 19288 | D:12     | 19288 ||| Stepping ~*~*~tactically~*~*~ (hiding).
 19308 | D:12     | 19308 ||| INVOKING Heroism.
 19315 | D:12     | 19315 ||| READING scroll of teleportation.
 19367 | D:12     | 19367 ||| Stepping ~*~*~tactically~*~*~ (hiding).
 19370 | D:12     | 19370 ||| Stepping ~*~*~tactically~*~*~ (hiding).
 19371 | D:12     | 19371 ||| Stepping ~*~*~tactically~*~*~ (hiding).
 19372 | D:12     | 19372 ||| Stepping ~*~*~tactically~*~*~ (hiding).
 19374 | D:12     | 19374 ||| Stepping ~*~*~tactically~*~*~ (hiding).
 19375 | D:12     | 19375 ||| Stepping ~*~*~tactically~*~*~ (hiding).
 19409 | D:12     | 19409 ||| Stepping ~*~*~tactically~*~*~ (stealth).
 19423 | D:12     | 19423 ||| INVOKING Heroism.
 19424 | D:12     | 19424 ||| Stepping ~*~*~tactically~*~*~ (hiding).
 19425 | D:12     | 19425 ||| Stepping ~*~*~tactically~*~*~ (hiding).
 19464 | D:12     | Found a flickering gateway to a bazaar.
 19465 | D:12     | 19465 ||| READING 9 scrolls of identify.
 19465 | D:12     | 19465 ||| IDENTIFYING brown potion
 19466 | D:12     | 19466 ||| DROPPING potion of flight.
 19473 | Bazaar   | Entered a bazaar
 19481 | Bazaar   | Found Boontuwk's Book Shop.
 19493 | Bazaar   | Found Pujedgh's Jewellery Shop.
 19501 | Bazaar   | 19501 ||| BUYING ring of protection from fire (300 gold).
 19501 | Bazaar   | Bought a ring of protection from fire for 300 gold pieces
 19518 | D:12     | 19518 ||| PLANNING D
 19729 | D:12     | 19729 ||| Stepping ~*~*~tactically~*~*~ (stealth).
 19732 | D:12     | 19732 ||| Stepping ~*~*~tactically~*~*~ (stealth).
 19734 | D:12     | 19734 ||| INVOKING Heroism.
 19746 | D:12     | Mangled by an enormous slime creature

Levels and vault maps discovered:
D:1:      grunt_arrival_lava_bath, layout_rooms, shapermc_ecumenical_altar_venn
D:2:      layout_rooms
D:3:      cheibrodos_old_hovel, layout_loops_ring,
          mainiacjoe_overflow_boulevard, kennysheep_okawaru_gauntlet,
          ebering_ghost_sewer_d
D:4:      layout_basic, lemuel_doored_altar
D:5:      minmay_clustersquares, layout_loops_cross, nicolae_stop_n_shop_2
D:6:      layout_loops_ring, vehumet_statue, chequers_serial_rivers_micro_e
D:7:      layout_gridville, lemuel_mausoleum_altar_kikubaaqudgha,
          minmay_temple_entry_stoned_glass
D:8:      layout_basic, uniq_erica, uniq_maggie, uniq_pikel
D:9:      kennysheep_blocky_room, layout_gridville, uniq_amaemon
D:10:     layout_basic, nicolae_qazlal_scattered_showers,
          due_lair_maze_entry_diamond
D:11:     layout_gridville, hangedman_fish_farm
D:12:     layout_basic, erik_orc_1, serial_shops, bzr_entry_safe, uniq_fannar
Lair:1:   minmay_lair_venomous_thicket, layout_layer_cave, lemuel_old_faithful
Lair:2:   nzn_winding_woodlands_large [nzn_winding_woodlands_5x5_closed_star,
          nzn_winding_woodlands_5x15_eye, nzn_winding_woodlands_5x5_cross,
          nzn_winding_woodlands_center_diamonds,
          nzn_winding_woodlands_15x15_eel_pit,
          nzn_winding_woodlands_center_triple_pond,
          nzn_winding_woodlands_5x5_perimeter,
          nzn_winding_woodlands_5x15_longhouse,
          nzn_winding_woodlands_5x5_checkerboard], layout_cave_pods,
          minmay_swamp_entry_wisps, chequers_serial_rivers_marsh, st_stairs_4
Lair:3:   layout_misc_corridors, minmay_snake_entry_guardpost_small,
          grunt_megastairs_1, uniq_sonja, uniq_nergalle
Lair:4:   layout_gridlike, slime_entry_2, minmay_hedge_maze,
          dreamdust_mushroom_princess, lemuel_fruit_fields,
          infiniplex_staircase_pool, uniq_kirke
Lair:5:   hangedman_lair_tendril_chambers, layout_regular_city,
          hangedman_lair_caniforms_friends

Skill      XL: |  1  2  3  4  5  6  7  8  9 10 11 12 13 14 15 |
---------------+----------------------------------------------+-----
Axes           | 2 3 4 5 6 7 8 9 10 12 13 14 15 | 15.0
Shields        | 4 5 7 8 9 10 11 14 16 | 16.0
Fighting       | 4 5 6 7 8 9 10 11 | 11.2
Invocations    | 1 4 5 9 10 | 10.1
Dodging        | 1 3 4 |  4.0
Throwing       | 1 2 3 4 5 |  5.1
Armour         | 4 5 8 10 | 10.5

Action                   |  1- 3 |  4- 6 |  7- 9 | 10-12 | 13-15 || total
-------------------------+-------+-------+-------+-------+-------++-------
Melee: War axe           |   119 |   184 |   397 |   772 |  1382 ||  2854
       Demon whip        |       |       |       |    27 |    43 ||    70
       Eveningstar       |       |       |       |       |    21 ||    21
Throw: Boomerang         |       |    32 |    40 |    27 |    12 ||   111
       Javelin           |       |       |       |    47 |   104 ||   151
Invok: Heroism           |       |       |    10 |    32 |    54 ||    96
       Finesse           |       |       |       |     4 |    16 ||    20
  Use: Scroll            |     6 |     4 |     7 |     5 |    14 ||    36
       Potion            |     1 |     3 |     2 |     3 |     1 ||    10
 Stab: Invisible         |       |       |       |       |     5 ||     5
Armor: Scale mail        |    51 |   100 |       |       |       ||   151
       Chain mail        |       |    12 |   262 |   228 |       ||   502
       Plate armour      |       |       |       |   318 |   515 ||   833
Dodge: Dodged            |    46 |    62 |   115 |   218 |   290 ||   731
       Repelled          |       |       |       |     1 |     2 ||     3
Block: Buckler           |    11 |       |       |       |       ||    11
       Kite shield       |    21 |    85 |   202 |   497 |   282 ||  1087
       Tower shield      |       |       |       |       |   881 ||   881
       Reflection        |       |       |       |       |    16 ||    16

Table legend:
 A = Non-vault XP
 B = Vault XP
 C = Vault XP percentage of total XP
 D = Non-vault monster count
 E = Vault monster count
 F = Vault count percentage of total count
                 A         B        C        D         E       F
            +---------+---------+-------+---------+---------+-------
      Total |   71770 |   49362 |  40.8 |     419 |     201 |  32.4
            +---------+---------+-------+---------+---------+-------
        D:1 |      27 |       0 |   0.0 |      15 |       0 |   0.0
        D:2 |      48 |       0 |   0.0 |      19 |       0 |   0.0
        D:3 |     124 |      14 |  10.1 |      21 |       1 |   4.5
        D:4 |     227 |       0 |   0.0 |      26 |       0 |   0.0
        D:5 |     651 |     388 |  37.3 |      21 |       6 |  22.2
        D:6 |     354 |      32 |   8.3 |       9 |       1 |  10.0
        D:7 |    1422 |     543 |  27.6 |      22 |      12 |  35.3
        D:8 |     808 |    1850 |  69.6 |      22 |       3 |  12.0
        D:9 |    2239 |    4407 |  66.3 |      26 |      10 |  27.8
       D:10 |    2583 |    1496 |  36.7 |      22 |      10 |  31.2
       D:11 |    3720 |     278 |   7.0 |      23 |       1 |   4.2
       D:12 |    4215 |    1119 |  21.0 |      21 |      10 |  32.3
     Lair:1 |    7514 |    2313 |  23.5 |      25 |      15 |  37.5
     Lair:2 |    6409 |    9757 |  60.4 |      22 |      24 |  52.2
     Lair:3 |    5894 |    5098 |  46.4 |      25 |       8 |  24.2
     Lair:4 |    9404 |    2670 |  22.1 |      30 |       7 |  18.9
     Lair:5 |   11292 |   19397 |  63.2 |      36 |      93 |  72.1
    Abyss:2 |    6752 |       0 |   0.0 |      21 |       0 |   0.0
    Abyss:3 |    8087 |       0 |   0.0 |      13 |       0 |   0.0
            +---------+---------+-------+---------+---------+-------
